 Dungeon Crawl Stone Soup version 0.16.1-30-g34a7ffa (webtiles) character file.

644 ztt the Skirmisher (level 7, 0/60 HPs)
             Began as a Centaur Fighter on June 12, 2015.
             Was an Initiate of Okawaru.
             Succumbed to a scorpion's poison
             ... on level 4 of the Dungeon.
             The game lasted 00:10:54 (5099 turns).

ztt the Skirmisher (Centaur Fighter)                Turns: 5099, Time: 00:10:55

Health: 0/60       AC:  7    Str: 25    XL:     7   Next: 26%
Magic:  5/5        EV:  6    Int:  7    God:    Okawaru [......]
Gold:   220        SH:  9    Dex:  9    Spells: 0 memorised, 6 levels left

rFire  . . .     SeeInvis .     a - +1 trident
rCold  . . .     Clarity  .     b - +0 scale mail
rNeg   . . .     SustAb   .     c - +0 shield
rPois  .         Gourm    .     (no helmet)
rElec  .         Spirit   .     (no cloak)
rCorr  .         Warding  .     (no gloves)
rMut   +         Stasis   .     (no barding)
MR     .....                    l - amulet of resist mutation
Stlth  ..........               (no ring)
                                (no ring)

@: mighty, lethally poisoned (0 -> -4), very slightly contaminated, very quick,
not resistant to hostile enchantments, extremely unstealthy
A: hooves 3, deformed body, speed 2, tough skin 3
a: Renounce Religion


You were on level 4 of the Dungeon.
You worshipped Okawaru.
Okawaru was noncommittal.
You were not hungry.

You visited 2 branches of the dungeon, and saw 5 of its levels.

You collected 220 gold pieces.

Inventory:

Hand weapons
 a - a +1 trident (weapon)
 m - a +0 halberd of venom
Armour
 b - a +0 scale mail (worn)
 c - a +0 shield (worn)
Jewellery
 g - an uncursed amulet of stasis
 l - an amulet of resist mutation (around neck)
Magical devices
 r - a wand of disintegration (20)
Scrolls
 f - a scroll of remove curse
Potions
 h - 2 potions of agility
 j - a potion of ambrosia
 p - a potion of mutation
Comestibles
 d - 3 bread rations
 k - a meat ration


   Skills:
 + Level 4.6 Fighting
 + Level 3.3 Polearms
 + Level 3.8 Armour
 + Level 2.0 Dodging
 + Level 0.1 Stealth
 + Level 3.3 Shields


You had 6 spell levels left.
You didn't know any spells.

Dungeon Overview and Level Annotations

Branches:
Dungeon (4/15)             Temple (1/1) D:4

Altars:
Ashenzari
Cheibriados
Dithmenos
Elyvilon
Fedhas
Gozag
Kikubaaqudgha
Makhleb
Nemelex Xobeh
Okawaru
Qazlal
Ru
Sif Muna
Trog
Vehumet
Xom
Yredelemnul
Zin
The Shining One


Innate Abilities, Weirdness & Mutations

You have hooves in place of feet.
Armour fits poorly on your strangely shaped body.
You cover ground very quickly.
You have extremely tough skin (AC +3).


Message History

* * * LOW HITPOINT WARNING * * *
You feel sick.
A rat comes into view.
Found a ring mail.
* * * LOW HITPOINT WARNING * * *
You feel sick.
Drink which item? (? for menu, Esc to quit)
You feel very mighty all of a sudden.
Drink which item? (? for menu, Esc to quit)
Okay, then.
Unknown command.
Use which ability? (? or * to list)
Okay, then.
Put on which piece of jewellery? (? for menu, Esc to quit)
Okay, then.
Unknown command.
Read which item? (? for menu, Esc to quit)
Okay, then.
Unknown command.
You die...

## ######.#
#..@...#
#.####.# #.#
.# #.# .#
#.# r. #.#
.# #### #.#
[### #...
#.# ...#
#.##
###.#.####.#


There were no monsters in sight!

Vanquished Creatures
  A phantom (D:4)
  A giant frog (D:4)
  3 scorpions (D:4)
  A crimson imp (D:3)
  2 hounds (D:4)
  An orc wizard (D:3)
  An orc priest (D:3)
  A worker ant (D:4)
  4 gnolls (D:3)
  6 adders
  2 worms (D:3)
  5 giant geckos
  An ooze (D:1)
  4 orcs
  3 ball pythons
  4 giant cockroaches
  5 goblins
  11 hobgoblins
  4 jackals (D:3)
  A quokka (D:4)
  4 bats
  3 giant newts
  6 kobolds
  7 rats
81 creatures vanquished.

Notes
Turn   | Place    | Note
--------------------------------------------------------------
     0 | D:1      | ztt, the Centaur Fighter, began the quest for the Orb.
     0 | D:1      | Reached XP level 1. HP: 19/19 MP: 1/1
   254 | D:1      | Reached XP level 2. HP: 19/26 MP: 2/2
  1139 | D:2      | Reached XP level 3. HP: 13/31 MP: 3/3
  1293 | D:2      | Found a sacrificial altar of Ru.
  2166 | D:3      | Reached XP level 4. HP: 39/39 MP: 3/3
  2659 | D:3      | Reached XP level 5. HP: 21/46 MP: 4/4
  3363 | D:3      | Reached skill level 4 in Fighting
  3363 | D:3      | Reached skill level 1 in Dodging
  3795 | D:4      | Reached XP level 6. HP: 32/52 MP: 5/5
  4130 | D:4      | Noticed a phantom
  4517 | D:4      | Killed a phantom
  4722 | D:4      | Reached XP level 7. HP: 52/60 MP: 5/5
  4769 | D:4      | Found a staircase to the Ecumenical Temple.
  4865 | Temple   | Entered the Ecumenical Temple
  4966 | Temple   | Became a worshipper of Warmaster Okawaru
  5092 | D:4      | HP: 3/60 [poisoned by a scorpion]
  5097 | D:4      | HP: 1/60 [poisoned by a scorpion]
  5099 | D:4      | Succumbed to a scorpion's poison

Action                   |  1- 3 |  4- 6 |  7- 9 || total
-------------------------+-------+-------+-------++-------
Melee: Trident           |   163 |   228 |    27 ||   418
  Use: Scroll            |     3 |     5 |     1 ||     9
       Potion            |       |       |     2 ||     2
  Eat: Chunk             |     2 |     5 |       ||     7
       Fruit             |       |     2 |       ||     2
       Beef jerky        |       |       |     2 ||     2
